 Dungeon Crawl Stone Soup version 0.26.1-11-gd32895ea62 (webtiles) character file.

Game seed: 12407064705817883970

43 Descartes the Magician (level 3, -1/19 HPs)
             Began as a Deep Elf Hedge Wizard on June 14, 2021.
             Slain by a centaur (9 damage)
             ... on level 2 of the Dungeon.
             The game lasted 00:01:59 (1636 turns).

Descartes the Magician (Deep Elf Hedge Wizard)      Turns: 1636, Time: 00:02:00

Health: -1/19      AC:  2    Str:  7    XL:     3   Next: 37%
Magic:  9/11       EV: 13    Int: 19    God:
Gold:   44         SH:  0    Dex: 14    Spells: 11/12 levels left

rFire    . . .     SeeInvis .   a - +0 dagger
rCold    . . .     Faith    .   (no shield)
rNeg     . . .     Spirit   .   b - +0 robe
rPois    .         Reflect  .   c - +0 hat
rElec    .         Harm     .   (no cloak)
rCorr    .         Rampage  .   (no gloves)
Will     .....                  (no boots)
Stlth    ++........             (no amulet)
HPRegen  0.06/turn              (no ring)
MPRegen  0.12/turn              (no ring)

@: no status effects
A: no striking features
a: no special abilities


You were on level 2 of the Dungeon.
You visited 1 branch of the dungeon, and saw 2 of its levels.

You collected 44 gold pieces.

Inventory:

Hand Weapons
 a - a +0 dagger (weapon)
Missiles
 f - 19 arrows
 g - 20 bolts
 j - 56 stones
Armour
 b - a +0 robe (worn)
 c - a +0 hat (worn)
Jewellery
 h - a cursed ring of teleportation {unknown}
Wands
 n - a wand of paralysis (15)
Scrolls
 d - 4 scrolls of enchant weapon {unknown}
 e - 2 scrolls of remove curse {unknown}
 i - a scroll of noise {unknown}
 k - 2 scrolls of enchant armour {unknown}
 l - a scroll of magic mapping {unknown}
Potions
 m - 2 potions of magic {unknown}


   Skills:
 - Level 2.4 Dodging
 - Level 2.4 Stealth
 - Level 5.0 Spellcasting
 + Level 3.2 Conjurations
 - Level 1.1 Summonings
 - Level 1.1 Translocations


You had 11 spell levels left.
You knew the following spells:

 Your Spells              Type           Power        Failure   Level
a - Magic Dart            Conj           68%          3%          1

Your spell library contained the following spells:

 Spells                   Type           Power        Failure   Level
 Blink                    Tloc           N/A          12%         2
 Call Imp                 Summ           8%           12%         2
 Slow                     Hex            4%           19%         2
 Conjure Flame            Conj/Fire      10%          19%         3
 Mephitic Cloud           Conj/Pois/Air  8%           24%         3


Dungeon Overview and Level Annotations

Branches:
Dungeon (2/15)

Altars:
Xom


Message History

The centaur shouts!
The centaur hits you!
Casting: Magic Dart (safe; 3% risk of failure)
Confirm with . or Enter, or press ? or * to list all spells.
Aiming: Magic Dart (safe; 3% risk of failure)
Press: ? - help, Shift-Dir - straight line, f - centaur
Aim: a centaur, quivering 21 arrows (0% to evade)
The magic dart hits the centaur.
The centaur is lightly wounded.
The centaur closely misses you.
Unknown command.
Casting: Magic Dart (safe; 3% risk of failure)
Confirm with . or Enter, or press ? or * to list all spells.
Aiming: Magic Dart (safe; 3% risk of failure)
Press: ? - help, Shift-Dir - straight line, f/p - centaur
Aim: a centaur, quivering 21 arrows (lightly wounded, 0% to evade)
The magic dart hits the centaur.
The centaur is moderately wounded.
The centaur hits you. The centaur hits you!
You die...

###################
....รทรท.............
#..################
.............
.._......#########
................@#
.........#######c#
.........# ....
.........# ##.###
...).....# ..#
...<..b..# ###
.........# ##########


You could see a centaur.

Vanquished Creatures
  An adder (D:1)
  3 dart slugs
  5 goblins
  A hobgoblin (D:1)
  4 jackals (D:2)
  5 kobolds (D:1)
  A quokka (D:2)
  4 bats (D:1)
  2 frilled lizards (D:1)
  3 rats
  A butterfly (D:2)
30 creatures vanquished.

Notes
Turn   | Place    | Note
-------+----------+-------------------------------------------
     0 | D:1      | Descartes the Deep Elf Hedge Wizard began the quest for the
                  | Orb.
     0 | D:1      | Reached XP level 1. HP: 10/10 MP: 7/7
   190 | D:1      | Reached XP level 2. HP: 15/15 MP: 3/9
   541 | D:1      | Reached skill level 5 in Spellcasting
  1020 | D:2      | Found a shimmering altar of Xom.
  1038 | D:1      | Reached XP level 3. HP: 10/19 MP: 0/11
  1634 | D:2      | Noticed a centaur
  1636 | D:2      | Slain by a centaur

Illustrated notes

Levels and vault maps discovered:
D:1:      lightli_arrival_statuegarden, layout_loops_ring
D:2:      layout_basic, xom_butterflies

Skill      XL: |  1  2  3 |
---------------+----------+-----
Conjurations   | 2 3 |  3.2
Spellcasting   | 5 |  5.0
Dodging        | |  2.4
Stealth        | |  2.4
Summonings     | |  1.1
Translocations | |  1.1

Action                   || total
-------------------------++-------
Melee: Dagger            ||    12
 Cast: Magic Dart        ||    66
Armor: Robe              ||     2
Dodge: Dodged            ||    21
